archack, neutral male human Archeologist ---- --..| ----- |...-- |.<.- --...-- |.... ---..------ ---.... --...--.-- |.%.-- --........---.--- |^.)..........| ---...........%-- |...|..........- ---.-----. ......- -.- |...| ..... ...-- --.--- -.. ..G@........ ..>d......-- ....+...... ......... ....... ...-- --- archack the Field Worker Experience level: 5 Strength: 13 Dexterity: 13 Constitution: 9 Intelligence: 16 Wisdom: 15 Charisma: 9 Health: 0(30) Energy: 28(28) AC: 4 Gold: 0 Moves: 963 Your Inventory: Weapons a - an uncursed +2 bullwhip (weapon in hand) n - an [uncursed +0] dagger o - 20 [uncursed +0] darts r - 7 [blessed +1] darts of fire Armor i - an [uncursed] +0 iron skull cap [orcish helm] (being worn) j - an [uncursed] +0 studded leather armor (being worn) u - an [uncursed] +0 hooded cloak [dwarvish] (being worn) v - an [uncursed] +0 pair of hard shoes [iron] (being worn) Comestibles d - 5 uncursed food rations m - an [uncursed] tripe ration Scrolls E - an [uncursed] scroll labeled JUYED AWK YACC [of punishment] Potions D - an [uncursed] bubbly potion [of extra healing] Wands t - an [uncursed] wand called electrum - vanish [of make invisible (0:4)] Tools e - an uncursed +0 pick-axe (alternate weapon; not wielded) f - an uncursed tinning kit (0:66) h - an uncursed sack C - an [uncursed] partly used [tallow] candle (lit) Contents of the sack: 76 gold pieces an [uncursed] scroll labeled VENZAR BORGAVVE [of confuse monster] 2 [uncursed tallow] candles an uncursed touchstone an [uncursed] violet gem [worthless glass] an [uncursed] yellow gem [worthless glass] Spells known in the end: Name Level Category Fail Memory Your skills at the end: Fighting Skills Weapon Skills pick-axe [Basic] sling [Basic] whip [Basic] Spellcasting Skills Final Attributes: You were devoutly aligned. Hunger level was 613. Your alignment was 14 / 14. Monster difficulty range was 0 - 4. Level difficulty was 4. You were stealthy. You were fast. Your luck was zero. You are dead. Vanquished creatures: a rock mole a shrieker a gnome lord a gnomish wizard a black naga hatchling a dwarf a coyote 2 hobbits a cave spider a green mold 21 gnomes 2 geckos 2 goblins 2 sewer rats a kobold zombie 39 creatures vanquished. Voluntary challenges: You were an atheist. You used a wielded weapon 40 times. You read items or engraved 111 times. You put on armor 6 times. You never genocided any monsters. You never polymorphed an object. You never changed form. You used no wishes. You wrote Elbereth's name 82 times. You never encountered a bones level. You never used any Sokoban shortcuts. Dungeon overview: The Dungeons of Doom: levels 1 to 2 Level 1 a long staircase Level 2 a fountain stairs to The Gnomish Mines The Gnomish Mines: levels 3 to 4 Level 3 stairs to The Dungeons of Doom Level 4 <- You were here History has recorded: On T:1 you entered the Dungeons of Doom to retrieve the Amulet of Yendor! On T:27 you reached level 2 of The Dungeons of Doom. On T:188 you advanced to experience level 2. On T:297 you advanced to experience level 3. On T:318 you reached level 1 of The Gnomish Mines. On T:474 you advanced to experience level 4. On T:622 you advanced to experience level 5. On T:846 you reached level 2 of The Gnomish Mines. Latest messages: You add "Elbereth" with your fingers to the writing in the dust. (4x) You hit the shrieker. You miss the shrieker. (2x) You hit the shrieker. You kill the shrieker! You displaced your dog. It just misses! Wait! There's a cave spider hiding under a scroll labeled JUYED AWK YACC! The cave spider bites! The dog misses the cave spider. You are hit by an arrow. The arrow falls down the stairs. The dog misses the cave spider. You miss the cave spider. The cave spider misses. The dog misses the cave spider. You kill the cave spider! You have a little trouble lifting E - a scroll labeled JUYED AWK YACC. You miss the gnome lord. The dog bites the gnome lord. The gnome lord swings his bow. The gnome lord hits! You die... Final status: Goodbye archack the Archeologist... You died in The Gnomish Mines on dungeon level 4 with 1590 points, and 76 pieces of gold, after 963 moves. You were level 5 with a maximum of 30 hit points when you died.